 Dungeon Crawl Stone Soup version 0.31-a0-1499-ge0622b2318 (webtiles) character file.

Game seed: 4833325387848754362

221887 croobank the Spry (level 18, -8/103 HPs)
             Began as a Felid Summoner on Dec 29, 2023.
             Was an Initiate of Gozag.
             Hit by a silver javelin thrown by a merfolk javelineer (15 damage)
             ... on level 4 of the Shoals on Dec 30, 2023.
             The game lasted 04:12:36 (56051 turns).

croobank the Spry (Felid Summoner)                 Turns: 56051, Time: 04:12:36

Health: -8/103     AC:  9    Str: 14    XL:     18   Next: 51%
Magic:  5/41       EV: 17    Int: 33    God:    Gozag
Gold:   2321       SH:  5    Dex: 17    Spells: 6/42 levels left
                                        Lives:  0   Deaths: 6

rFire   + + .        (weapon unavailable)
rCold   x . .        (shield unavailable)
rNeg    . . .        (body armour unavailable)
rPois   +            (helmet unavailable)
rElec   .            (cloak unavailable)
rCorr   .            (gloves unavailable)
SInv    +            (boots unavailable)
Will    ++...        F - amulet of reflection
Stlth   +++          w - ring of Brilliance {+Blink MP+9 Int+6}
HPRegen 0.37/turn    N - ring of flight
MPRegen 0.27/turn

%: reflection
@: dragon-form, flying
A: dragon claw, dragon scales, breathe fire, flying, giant, (claws 1), (fangs
3), see invisible, (shaggy fur 3), (stealthy paws), no weapons or thrown items,
no armour, multi-lived, low MP 1
}: 1/15 runes: serpentine
a: Breathe Fire, Begin Untransformation, Renounce Religion, Evoke Blink, Potion
Petition, Call Merchant, Bribe Branch


You were on level 4 of the Shoals.
You worshipped Gozag.
Gozag was most pleased with you.
You were a fearsome dragon!
You visited 6 branches of the dungeon, and saw 31 of its levels.

You collected 13504 gold pieces.
You spent 3056 gold pieces at shops.
You paid 8127 gold pieces to Gozag.

Inventory:

Jewellery
 e - a ring of positive energy
 f - the ring of Paranoia {rPois Will+ Str+6 Dex+4}
   (You acquired it on level 9 of the Dungeon)

   [ring of strength]

   Str+6:     It affects your strength (+6).
   Dex+4:     It affects your dexterity (+4).
   rPois:     It protects you from poison Will+: It increases your willpower.
 m - a ring of protection from cold
 p - a +6 ring of dexterity
 w - the ring of Brilliance (left foreclaw) {+Blink MP+9 Int+6}
   (You acquired it on level 9 of the Dungeon)

   [ring of intelligence]

   Int+6:     It affects your intelligence (+6).
   MP+9:      It affects your magic capacity (+9).
   +Blink:    It lets you blink.
 x - the ring "Zuatiego" {rElec rF+ rCorr Str-2 SInv}
   (You bought it in a shop on level 1 of the Snake Pit)

   [ring of protection from fire]

   Str-2:     It affects your strength (-2).
   rF+:       It protects you from fire.
   rElec:     It insulates you from electricity.
   SInv:      It lets you see invisible.
   rCorr:     It protects you from acid and corrosion.
 F - an amulet of reflection (around neck)
 H - a ring of magical power
 J - a +5 ring of evasion
 K - a ring of fire
 L - a ring of ice
 M - an amulet of regeneration
 N - a ring of flight (right foreclaw)
 P - a +5 ring of evasion
 Q - an amulet of magic regeneration
 S - a ring of positive energy
Talismans
 g - a beast talisman
 j - a blade talisman
 r - a flux talisman
 s - a dragon-blood talisman (active)
 G - a talisman of death
Wands
 n - a wand of flame (66)
 o - a wand of charming (19)
 A - a wand of polymorph (10)
 I - a wand of mindburst (7)
 T - a wand of acid (4)
Scrolls
 h - a scroll of revelation
 l - 10 scrolls of teleportation
 q - 4 scrolls of poison
 u - 8 scrolls of identify
 v - a scroll of immolation
 y - a scroll of torment
 C - a scroll of silence
Potions
 a - 4 potions of lignification
 b - 4 potions of invisibility
 c - 2 potions of curing
 d - 5 potions of mutation
 i - 4 potions of attraction
 k - 2 potions of enlightenment
 t - 3 potions of haste
 B - 2 potions of ambrosia
Miscellaneous
 E - a phial of floods (inert)
 O - a lightning rod (4/4)


   Skills:
 - Level 14.5 Fighting
 - Level 18.7 Dodging
 - Level 3.4 Stealth
 - Level 12.5 Spellcasting
 - Level 14.1 Hexes
 - Level 15.0 Summonings
 - Level 5.0 Translocations
 - Level 5.0 Fire Magic
 - Level 7.0 Air Magic
 + Level 12.7 Shapeshifting


You had 6 spell levels left.
You knew the following spells:

 Your Spells              Type           Power      Damage    Failure   Level
b - Call Imp              Summ           100%       N/A       0%          2
c - Call Canine Familiar  Summ           88%        N/A       0%          3
e - Summon Lightning Spi  Summ/Air       75%        N/A       1%          4
f - Summon Mana Viper     Hex/Summ       86%        N/A       1%          5
g - Summon Forest         Summ/Tloc      36%        N/A       1%          5
h - Summon Cactus Giant   Summ           44%        N/A       1%          6
i - Summon Hydra          Summ           44%        N/A       4%          7
B - Blink                 Tloc           100%       N/A       1%          2
M - Mercury Vapours       Alch/Air       86%        N/A       1%          2

Your spell library contained the following spells:

 Spells                   Type           Power      Damage    Failure   Level
 Summon Small Mammal      Summ           100%       N/A       0%          1
 Jinxbite                 Hex            100%       N/A       0%          2
 Apportation              Tloc           100%       N/A       1%          1
 Cigotuvi's Dreadful Rot  Necr/Alch/Air  72%        N/A       1%          2
 Ensorcelled Hibernation  Hex/Ice        100%       N/A       1%          2
 Lesser Beckoning         Tloc           100%       N/A       1%          2
 Momentum Strike          Conj/Tloc      74%        3d10      1%          2
 Static Discharge         Conj/Air       86%        3-7/arc   1%          2
 Confusing Touch          Hex            85%        N/A       1%          3
 Gell's Gravitas          Tloc           52%        N/A       1%          3
 Inner Flame              Hex/Fire       71%        N/A       1%          3
 Summon Ice Beast         Ice/Summ       63%        N/A       1%          3
 Swiftness                Air            61%        N/A       1%          3
 Teleport Other           Tloc           52%        N/A       1%          3
 Tukima's Dance           Hex            85%        N/A       1%          3
 Airstrike                Air            30%        2d(5-21)  1%          4
 Anguish                  Hex/Necr       30%        N/A       1%          4
 Cause Fear               Hex            42%        N/A       1%          4
 Martyr's Knell           Necr/Summ      63%        N/A       1%          4
 Summon Blazeheart Golem  Fire/Summ      72%        N/A       1%          4
 Kiss of Death            Conj/Necr      80%        2d11      2%          1
 Mephitic Cloud           Conj/Alch/Air  36%        N/A       2%          3
 Manifold Assault         Tloc           52%        N/A       2%          4
 Passage of Golubria      Tloc           52%        N/A       2%          4
 Metabolic Englaciation   Hex/Ice        30%        N/A       3%          5
 Yara's Violent Unravell  Hex/Alch       30%        3d13      3%          5
 Frozen Ramparts          Ice            40%        1d7       7%          3
 Fugue of the Fallen      Necr           20%        N/A       7%          3
 Hailstorm                Conj/Ice       20%        3d7       7%          3
 Passwall                 Erth           20%        N/A       7%          3
 Iskenderun's Mystic Bla  Conj/Tloc      37%        2d9       8%          4
 Brom's Barrelling Bould  Conj/Erth      20%        2d4       22%         4
 Dispel Undead            Necr           20%        3d11      22%         4
 Leda's Liquefaction      Alch/Erth      10%        N/A       22%         4
 Olgreb's Toxic Radiance  Alch           20%        N/A       22%         4
 Petrify                  Alch/Erth      20%        N/A       22%         4
 Fireball                 Conj/Fire      18%        3d9       22%         5
 Freezing Cloud           Conj/Ice/Air   18%        6-21      24%         5
 Dispersal                Tloc           26%        N/A       41%         6
 Alistair's Intoxication  Alch           13%        N/A       52%         5
 Irradiate                Conj/Alch      10%        3d15      52%         5
 Iskenderun's Battlesphe  Conj           20%        2d7       52%         5
 Conjure Ball Lightning   Conj/Air       21%        3x3d6     63%         6
 Death Channel            Necr           10%        N/A       98%         6
 Eringya's Noxious Bog    Alch           10%        4d6       98%         6
 Enfeeble                 Hex            42%        N/A       5%          7
 Discord                  Hex            42%        N/A       41%         8
 Haunt                    Necr/Summ      31%        N/A       65%         7
 Spellforged Servitor     Conj/Summ      31%        N/A       65%         7
 Orb of Destruction       Conj           10%        9d6       100%        7
 Ozocubu's Refrigeration  Ice            10%        4d9       100%        7
 Disjunction              Tloc           26%        N/A       100%        8
 Ignition                 Fire           26%        3d9       100%        8
 Dimensional Bullseye     Hex/Tloc       Unusable   N/A       N/A         4
 Sculpt Simulacrum        Ice/Alch       Unusable   N/A       N/A         6

Dungeon Overview and Level Annotations

Branches:
Dungeon (15/15)            Temple (1/1) D:5            Lair (5/5) D:8
 Shoals (4/4) Lair:2        Snake (4/4) Lair:2        Slime (0/5) Lair:5
    Orc (2/2) D:11            Elf (0/3) Orc:2        Vaults (0/5) D:14
 Depths (0/4) D:15

Altars:
Ashenzari
Cheibriados
Dithmenos
Elyvilon
Fedhas
Gozag
Hepliaklqana
Kikubaaqudgha
Makhleb
Nemelex Xobeh
Okawaru
Qazlal
Ru
Sif Muna
Trog
Uskayaw
Vehumet
Wu Jian
Xom
Yredelemnul
Zin
The Shining One
Jiyva
Lugonu

Shops:
D:5 !   D:12 :   Orc:2 [*(:   Lair:2 **=   Snake:1 :=(:   Snake:4 [

Annotations:
D:2 1 runed translucent door, Crazy Yiuf
D:12 2 transporters, SecretSquirrel's ghost, journeyman GrFi
D:13 4 transporters
D:15 Roxanne
Lair:1 2 transporters
Lair:4 2 transporters, Uveod's ghost, journeyman FeEE
Shoals:2 exclusion: downstairs
Snake:1 1 runed translucent door


Innate Abilities, Weirdness & Mutations

You are a fearsome dragon!
You have a powerful clawing attack.
Your giant scaled body is strong and resilient, but less evasive.
You can breathe fire.
You are flying.
((You have sharp claws.))
((You have razor-sharp teeth.))
You have supernaturally acute eyesight. (SInv)
((Your thick and shaggy fur keeps you warm. (AC +3, rC+)))
((Your paws help you pounce on unaware monsters.))
You are incapable of wielding weapons or throwing items.
You cannot wear armour.
You gain extra lives every three experience levels.
Your magical capacity is low. (-10% MP)


Message History

Your 11-headed hydra misses the wind drake.
Your 11-headed hydra bites the wind drake!
Your 11-headed hydra closely misses the wind drake.
Your 11-headed hydra bites the wind drake.
Your 11-headed hydra bites the wind drake but does no damage.
Your 11-headed hydra closely misses the wind drake.
Your 11-headed hydra barely misses the wind drake.
Your 11-headed hydra bites the wind drake.
The wind drake dies!
You now have 2321 gold pieces (gained 14).
You start resting.
Your 11-headed hydra disappears in a puff of smoke!
Your eight-headed hydra disappears in a puff of smoke!
A merfolk javelineer comes into view.
It is wielding a +0 spear and quivering silver javelins.
There is a stone staircase leading up here.
You start resting.
A merfolk javelineer is nearby!
Casting: Summon Hydra (dangerous; 4% risk of failure)
Confirm with . or Enter, or press ? or * to list all spells.
An eight-headed hydra appears.
The merfolk javelineer shouts!
The merfolk javelineer throws a silver javelin.
The silver javelin completely misses you.
Casting: Summon Hydra (dangerous; 4% risk of failure)
Confirm with . or Enter, or press ? or * to list all spells.
A four-headed hydra appears.
The merfolk javelineer throws a silver javelin.
The silver javelin pierces through your four-headed hydra!!
The silver javelin pierces through you! The silver sears you!
The merfolk javelineer throws a silver javelin.
The silver javelin pierces through your four-headed hydra!!
The silver javelin pierces through you! The silver sears you!
* * * LOW HITPOINT WARNING * * *
The merfolk javelineer throws a silver javelin.
The silver javelin pierces through your eight-headed hydra!!
The silver javelin pierces through you!!
* * * LOW HITPOINT WARNING * * *
The silver sears you!
You die...
Your body crumbles into a pile of gold.

#≈≈≈≈≈≈≈≈≈~~~~~~
#≈≈≈≈≈≈~~~....~≈
#≈≈≈≈≈≈~~.....#
#≈≈≈≈≈≈~......#
#≈≈≈≈≈~)......#
#≈≈≈≈≈~).$....#
#≈≈≈≈≈~)......#
#≈≈≈~~.#........
#≈≈≈~.D#$..###..
#≈≈≈~~.#..... P
#≈≈≈~DD#.##$.m.
#≈≈≈~~..~. ~..#
#≈≈≈≈~.m~~ ~~.#
#≈≈≈≈≈...~ ~~~
#≈≈≈≈≈..#
#≈≈≈≈≈..#


You could see a merfolk javelineer (ally target), a friendly eight-headed hydra
(summoned) and a friendly four-headed hydra (summoned).

Vanquished Creatures
  Frances (D:13)
  2 nagarajas (Snake:3)
  Aizul (Snake:3)
  A two-headed ogre (D:11)
  An anaconda (Snake:2)
  2 boulder beetles
  A death knight (D:12)
  3 naga sharpshooters
  2 shock serpents
  A skeletal warrior (D:12)
  An orc knight (D:12)
  An orc sorcerer (D:11)
  2 slime creatures
  A merfolk siren (Shoals:4)
  2 elephants (Lair:5)
  A torpor snail (Lair:3)
  7 black mambas
  5 cane toads
  A komodo dragon (Lair:4)
  10 nameless horrors
  3 trolls
  2 blink frogs
  A wyvern (D:9)
  A water elemental (D:12)
  A basilisk (Lair:1)
  6 vampire mosquitoes
  4 nagas
  A water moccasin (Lair:3)
  An orc warrior (D:12)
  2 sky beasts (D:7)
  An ice beast (D:8)
  A wolf (D:8)
  6 centaurs
  An ogre (Orc:2)
  A scorpion (D:7)
  3 bullfrogs
  A gnoll sergeant (D:12)
  2 wights (D:8)
  A killer bee (D:8)
  2 electric eels
  3 howler monkeys
  A crimson imp (D:3)
  An orc priest (D:5)
  An orc wizard (D:7)
  A gnoll (D:5)
  12 orcs
  A goblin (D:1)
  A hobgoblin (D:2)
  3 jackals (D:1)
  2 kobolds (D:7)
  A rat (D:2)
114 creatures vanquished.

Vanquished Creatures (collateral kills)
  Bai Suzhen (Snake:4)
  Vashnia (Snake:2)
  Rupert (D:15)
  Mlioglotl (Shoals:1)
  A kraken (Shoals:2)
  Kirke (Shoals:3)
  Donald (Orc:2)
  7 nagarajas
  Louise (Snake:1)
  An orc warlord (Orc:2)
  The ghost of silenth the Fighter, a journeyman OnWr of Gozag (Lair:2)
  Snorg (Orc:1)
  Josephine (D:13)
  A merfolk javelineer (Shoals:2)
  2 merfolk impalers
  Fannar (Orc:1)
  Harold (D:8)
  A salamander tyrant (Snake:3)
  A vault guard (D:14)
  5 hydras
  4 merfolk avatars
  5 merfolk aquamancers
  2 catoblepae
  Erica (Lair:2)
  A boulder beetle (D:12)
  A dancing weapon (D:14)
  3 centaur warriors
  2 satyrs
  A sphinx zombie (D:15)
  10 anacondas
  10 naga warriors
  A vampire mage (D:15)
  3 tengu warriors (D:14)
  20 naga sharpshooters
  Urug (Orc:1)
  2 death yaks (Lair:3)
  An orc high priest (Orc:2)
  5 sun demons (D:15)
  4 shock serpents
  A soul eater (D:15)
  A storm dragon zombie (D:15)
  3 skeletal warriors (D:15)
  12 sea snakes
  3 skysharks
  A goliath frog (Lair:5)
  Lodul (D:13)
  A salamander mystic (Snake:3)
  2 necromancers
  2 naga ritualists
  4 lindwurms (Lair:3)
  12 harpies
  5 orc knights
  4 deep elf pyromancers
  4 oklob plants
  7 mana vipers
  5 cyclopes
  16 ugly things
  7 salamanders
  3 orc sorcerers (Orc:2)
  14 manticores
  4 fauns
  Maurice (Orc:1)
  3 meliai (D:14)
  3 merfolk sirens
  27 elephants
  A meliai (shapeshifter) (D:14)
  3 water nymphs
  4 guardian serpents
  31 black mambas
  6 kobold blastminers
  3 rust devils (D:15)
  3 orange demons (D:15)
  19 cane toads
  16 naga magi
  2 gargoyles
  A smoke demon (D:15)
  A kobold demonologist (D:12)
  6 komodo dragons
  3 unseen horrors
  An efreet (D:15)
  3 rime drakes
  An ice devil (D:15)
  Psyche (D:8)
  2 tengu conjurers
  6 trolls
  A red devil (D:15)
  17 merfolk
  A polar bear (Lair:4)
  2 tyrant leeches (Lair:5)
  9 wind drakes
  A hornet (shapeshifter) (D:13)
  2 hornets
  44 blink frogs
  22 slime creatures
  4 snapping turtles
  12 dream sheep
  A centaur simulacrum (D:15)
  18 yaks
  A vampire (D:12)
  9 wraiths
  4 basilisks
  4 hogs (Shoals:3)
  2 ynoxinuls (D:15)
  11 water elementals
  7 wyverns
  Grum (D:8)
  A golden eye (Lair:5)
  2 wargs
  A steam dragon (D:10)
  11 vampire mosquitoes
  A neqoxec (D:15)
  A chaos spawn (D:15)
  51 nagas
  A death yak simulacrum (D:14)
  4 hydra simulacra (D:14)
  An acid dragon (D:13)
  8 water moccasins
  2 sky beasts (D:7)
  An ice beast (D:5)
  27 orc warriors
  5 boggarts (D:14)
  15 ogres
  7 wolves
  4 black bears
  10 centaurs
  A phantom (D:6)
  4 kobold brigands
  17 bullfrogs
  3 scorpions
  3 wights
  5 elephant simulacra (D:14)
  9 killer bees
  4 howler monkeys
  15 nameless horrors
  A crimson imp (D:3)
  4 hounds
  A jelly (D:6)
  4 bombardier beetles
  19 orc priests
  A gnoll bouda (D:7)
  A sleepcap (D:7)
  6 hell rats (Lair:3)
  4 iguanas
  21 orc wizards
  18 gnolls
  6 adders
  2 ribbon worms (D:2)
  A white imp (D:7)
  A hell rat simulacrum (D:14)
  4 ufetubi
  4 dart slugs
  99 orcs
  3 bats
  8 endoplasms
  4 giant cockroaches
  4 hobgoblins
  12 jackals
  3 quokkas (D:2)
  4 ball pythons
  2 frilled lizards (D:1)
  13 goblins
  28 kobolds
  A rat (D:3)
  A butterfly (Lair:5)
  2 tentacles (Shoals:2)
1036 creatures vanquished.

Vanquished Creatures (others)
  An arcanist (D:3)
  A human (Shoals:3)
  A howler monkey (D:12)
  A crimson imp (D:3)
  A shadow imp (D:7)
  27 blazeheart cores
  43 snaplasher vines
  8 tentacles (Shoals:2)
83 creatures vanquished.

Grand Total: 1233 creatures vanquished

Notes
Turn   | Place    | Note
-------+----------+-------------------------------------------
     0 | D:1      | croobank the Felid Summoner began the quest for the Orb.
     0 | D:1      | Reached XP level 1. HP: 9/9 MP: 4/4
   104 | D:1      | Reached skill level 3 in Dodging
   278 | D:1      | Reached XP level 2. HP: 3/13 MP: 0/6
   352 | D:1      | Learned a level 2 spell: Call Imp
   752 | D:1      | Found a faded altar of an unknown god.
  1006 | D:1      | Reached XP level 3. HP: 16/16 MP: 2/7
  1044 | D:1      | Learned a level 3 spell: Call Canine Familiar
  1638 | D:2      | Reached XP level 4. HP: 21/21 MP: 1/8
  1638 | D:2      | Gained a life (2 lives remaining)
  1647 | D:2      | Reached skill level 1 in Shapeshifting
  1911 | D:2      | Reached skill level 1 in Fighting
  2712 | D:2      | Found the +6 shillelagh "Devastator" {shatter}
  2724 | D:2      | Found a runed translucent door.
  2725 | D:2      | Noticed Crazy Yiuf
  3370 | D:3      | Found a shimmering altar of Xom.
  3458 | D:3      | Reached XP level 5. HP: 25/25 MP: 10/10
  3592 | D:3      | Reached skill level 4 in Dodging
  3839 | D:3      | Found a bloodstained altar of Trog.
  3842 | D:3      | Noticed a wizard
  3847 | D:3      | Killed a wizard
  3944 | D:4      | Gained mutation: You are covered in thick fur. (AC +2)
                  | [Felid growth]
  3944 | D:4      | Reached XP level 6. HP: 30/30 MP: 2/11
  3949 | D:4      | Learned a level 4 spell: Summon Blazeheart Golem
  4601 | D:4      | Reached skill level 1 in Fire Magic
  4801 | D:4      | Reached skill level 5 in Summonings
  5164 | D:4      | Reached XP level 7. HP: 35/35 MP: 8/12
  5522 | D:4      | Found a shimmering blue altar of Sif Muna.
  5642 | D:5      | Entered Level 5 of the Dungeon
  5663 | D:5      | Reached skill level 5 in Dodging
  5666 | D:5      | Found a staircase to the Ecumenical Temple.
  5717 | Temple   | Entered the Ecumenical Temple
  5927 | D:5      | Killed from afar by an orc priest
  5927 | D:5      | Lost a life (1 life remaining)
  6029 | D:5      | Reached XP level 8. HP: 36/40 MP: 1/14
  6029 | D:5      | Gained a life (2 lives remaining)
  6237 | D:5      | Found a radiant altar of Vehumet.
  6311 | D:5      | Found Echeageg's Distillery.
  6326 | D:5      | Bought a potion of invisibility for 88 gold pieces
  6326 | D:5      | Bought a potion of enlightenment for 55 gold pieces
  6326 | D:5      | Bought a potion of attraction for 33 gold pieces
  6851 | D:6      | Reached skill level 6 in Dodging
  7099 | D:6      | Killed by an exploding blazeheart core
  7099 | D:6      | Lost a life (1 life remaining)
  7300 | D:6      | Learned a level 4 spell: Summon Lightning Spire
  7419 | D:7      | Reached skill level 1 in Air Magic
  7539 | D:7      | Identified the +4 ring mail "Hugrol Duf" {rC+ rN+ Will-}
  7585 | D:7      | Reached XP level 9. HP: 40/45 MP: 0/16
  7946 | D:7      | Reached skill level 7 in Dodging
  8272 | D:7      | Reached skill level 5 in Spellcasting
  8463 | D:7      | Found a snail-covered altar of Cheibriados.
  8894 | D:8      | Found an opulent altar of Gozag.
  8898 | D:8      | Became a worshipper of Gozag Ym Sagoz the Greedy
  9066 | D:8      | Identified the +0 robe of Ucithroe {^Contam Harm Str+5}
  9085 | D:8      | Found a blossoming altar of Fedhas.
  9110 | D:8      | Noticed a troll
  9117 | D:8      | Killed a troll
  9118 | D:8      | Reached skill level 5 in Fighting
  9118 | D:8      | Reached skill level 5 in Fire Magic
  9249 | D:8      | Reached XP level 10. HP: 51/51 MP: 13/18
  9249 | D:8      | Gained a life (2 lives remaining)
  9289 | D:8      | Noticed Psyche
  9314 | D:8      | Reached skill level 8 in Dodging
  9322 | D:8      | Killed Psyche
  9418 | D:8      | Found a broken altar of Ashenzari.
  9576 | D:8      | Learned a level 5 spell: Summon Forest
  9669 | D:8      | Learned a level 2 spell: Blink
  9670 | D:8      | Reached skill level 5 in Air Magic
  9755 | D:8      | Found a staircase to the Lair.
  9797 | D:8      | Noticed Grum
  9813 | D:8      | Reached skill level 1 in Translocations
  9818 | D:8      | Killed Grum
 10018 | D:8      | Identified the +2 leather armour of the Moon {rC+ rN++
                  | Str-5 Dex-5}
 10142 | D:9      | Noticed Harold
 10436 | D:8      | Killed Harold
 10437 | D:8      | Reached skill level 5 in Shapeshifting
 10603 | D:9      | Found an ancient bone altar of Kikubaaqudgha.
 10707 | D:9      | Found a basalt altar of Yredelemnul.
 10854 | D:9      | Identified 3 scrolls of acquirement
 10855 | D:9      | Acquired the ring of Paranoia {rPois Will+ Str+6 Dex+4}
 10858 | D:9      | Acquired the ring of Brilliance {+Blink MP+9 Int+6}
 10971 | D:9      | Found a stormy altar of Qazlal.
 11178 | D:9      | Reached skill level 9 in Dodging
 11494 | D:10     | Entered Level 10 of the Dungeon
 11844 | D:10     | Reached XP level 11. HP: 20/56 MP: 21/21
 12039 | D:10     | Acquired 585 gold pieces
 12175 | D:10     | Found a hide-covered altar of Uskayaw.
 12175 | D:10     | Found a sparkling altar of Nemelex Xobeh.
 12982 | D:11     | Found a staircase to the Orcish Mines.
 13533 | D:11     | Noticed an orc sorcerer
 13547 | D:11     | Killed an orc sorcerer
 13823 | D:11     | Reached skill level 5 in Translocations
 13924 | D:11     | Noticed a two-headed ogre
 13932 | D:11     | Killed a two-headed ogre
 14575 | D:12     | Reached skill level 10 in Dodging
 14587 | D:12     | Noticed a skeletal warrior
 14736 | D:12     | Noticed a boulder beetle
 14740 | D:12     | Noticed an orc knight
 14766 | D:11     | Killed a boulder beetle
 14851 | D:12     | Found a transporter.
 14852 | D:12     | Found a transporter.
 14853 | D:12     | Noticed SecretSquirrel's ghost (journeyman GrFi)
 14900 | D:12     | Noticed a boulder beetle
 14936 | D:12     | Killed a boulder beetle
 15094 | D:12     | Gained mutation: Your thick and shaggy fur keeps you warm.
                  | (AC +3, rC+) [Felid growth]
 15094 | D:12     | Reached XP level 12. HP: 63/63 MP: 21/23
 15252 | D:12     | Noticed a death knight
 15263 | D:12     | Killed a death knight
 15263 | D:12     | Noticed a centaur warrior
 15271 | D:12     | Killed a centaur warrior
 15750 | D:12     | Reached skill level 11 in Dodging
 16062 | D:12     | Noticed a boulder beetle
 16079 | D:12     | Killed a boulder beetle
 16096 | D:12     | Killed from afar by a manticore
 16096 | D:12     | Lost a life (1 life remaining)
 16399 | D:12     | Found Jiapuk's Tiny Tomes.
 17009 | D:12     | Learned a level 7 spell: Summon Hydra
 17115 | Lair:1   | Entered Level 1 of the Lair of Beasts
 17180 | Lair:1   | Found a transporter.
 17514 | Lair:1   | Found a transporter.
 18035 | Lair:1   | Reached skill level 12 in Dodging
 18035 | Lair:1   | Reached skill level 10 in Summonings
 18035 | Lair:1   | Reached XP level 13. HP: 70/70 MP: 26/26
 18035 | Lair:1   | Gained a life (2 lives remaining)
 18451 | Lair:2   | Noticed Erica
 18845 | Lair:2   | Found a runed translucent door.
 18879 | Lair:2   | Found a staircase to the Snake Pit.
 19298 | Lair:2   | Found a staircase to the Shoals.
 19863 | Lair:2   | Noticed silenth's ghost (journeyman OnWr)
 19900 | Lair:2   | Killed silenth's ghost
 20382 | Lair:3   | Reached skill level 13 in Dodging
 20477 | Lair:3   | Found a glowing silver altar of Zin.
 21484 | Lair:4   | Reached XP level 14. HP: 72/76 MP: 28/28
 21939 | Lair:4   | Found a transporter.
 21941 | Lair:4   | Noticed Uveod's ghost (journeyman FeEE)
 21957 | Lair:4   | Found a transporter.
 21973 | Lair:4   | Reached skill level 10 in Fighting
 22499 | Lair:5   | Entered Level 5 of the Lair of Beasts
 23786 | Lair:5   | Reached skill level 14 in Dodging
 23819 | Lair:5   | Reached skill level 10 in Spellcasting
 23883 | Lair:5   | Identified the +0 ring mail "Woidgh" {Regen+ MP+9}
 24338 | Lair:5   | Found a staircase to the Slime Pits.
 24338 | Lair:5   | Found a viscous altar of Jiyva.
 24927 | Orc:1    | Entered Level 1 of the Orcish Mines
 25105 | Orc:1    | Noticed Maurice
 25108 | Orc:1    | Noticed Urug
 25112 | Orc:1    | Killed Maurice
 25115 | Orc:1    | Killed Urug
 25118 | Orc:1    | Noticed Fannar
 25126 | Orc:1    | Noticed Snorg
 25127 | Orc:1    | Reached XP level 15. HP: 82/82 MP: 30/30
 25131 | Orc:1    | Killed Fannar
 25139 | Orc:1    | Killed Snorg
 27376 | Lair:5   | HP: 4/82 [oklob plant/splash of acid (16)]
 28106 | Lair:5   | Got the Textbook on the Oath and the Escort
 28446 | Orc:2    | Entered Level 2 of the Orcish Mines
 29077 | Orc:2    | Reached skill level 15 in Dodging
 29466 | Orc:2    | Noticed Donald
 29472 | Orc:2    | Killed Donald
 29766 | Orc:2    | Found a staircase to the Elven Halls.
 30000 | Orc:2    | Found Elatiz's Book Boutique.
 30183 | Orc:2    | Found Pedgh's Assorted Antiques.
 30239 | Orc:2    | Found Erolea's Antique Weapon Shop.
 30241 | Orc:2    | Found Xedubuce's Antique Armour Boutique.
 30507 | D:13     | Noticed Lodul
 30514 | D:13     | Killed Lodul
 30625 | D:13     | Noticed Josephine
 30628 | D:13     | Killed Josephine
 30731 | D:13     | Noticed Frances
 30748 | D:13     | Killed Frances
 31249 | D:13     | Found a transporter.
 31257 | D:13     | Found a transporter.
 31395 | D:13     | Reached skill level 10 in Shapeshifting
 31949 | D:13     | Found a transporter.
 32110 | D:13     | Found a transporter.
 32435 | D:14     | Reached skill level 16 in Dodging
 32460 | D:14     | Found a gate to the Vaults.
 32820 | D:14     | Slain by a meliai
 32820 | D:14     | Lost a life (1 life remaining)
 34209 | D:15     | Entered Level 15 of the Dungeon
 34304 | D:15     | Reached XP level 16. HP: 86/90 MP: 9/31
 34304 | D:15     | Gained a life (2 lives remaining)
 34557 | D:15     | Noticed Rupert
 34587 | D:15     | Killed Rupert
 34712 | D:15     | Found a staircase to the Depths.
 34912 | D:15     | Reached skill level 17 in Dodging
 35036 | D:15     | Noticed Roxanne
 35652 | D:15     | Gained mutation: Your magical capacity is low. (-10% MP) [a
                  | neqoxec]
 37316 | Snake:1  | Entered Level 1 of the Snake Pit
 37329 | Snake:1  | Reached skill level 1 in Hexes
 37433 | Lair:2   | Killed Erica
 37502 | Lair:2   | Bought a lightning rod (4/4) for 440 gold pieces
 37502 | Lair:2   | Bought a scroll of blinking for 82 gold pieces
 37507 | Lair:2   | Bought an amulet of magic regeneration for 330 gold pieces
 37537 | Shoals:1 | Entered Level 1 of the Shoals
 37548 | Shoals:1 | Learned a level 3 spell: Mephitic Cloud
 37760 | Shoals:1 | Noticed Mlioglotl
 37775 | Shoals:1 | Killed Mlioglotl
 39101 | Shoals:2 | Reached skill level 5 in Hexes
 40015 | Shoals:2 | Noticed a kraken
 40028 | Shoals:2 | Killed a kraken
 40501 | Shoals:3 | HP: 2/92 [wind drake/the air (16)]
 40501 | Shoals:3 | Killed from afar by a wind drake
 40501 | Shoals:3 | Lost a life (1 life remaining)
 40624 | Shoals:3 | Noticed Kirke
 40774 | Shoals:2 | Learned a level 3 spell: Tukima's Dance
 40777 | Shoals:2 | Learned a level 2 spell: Mercury Vapours
 40783 | Shoals:3 | Killed Kirke
 41250 | Lair:2   | Reached XP level 17. HP: 25/96 MP: 4/29
 41709 | Snake:1  | Reached skill level 18 in Dodging
 42056 | Snake:1  | Found Seze's Jewellery Boutique.
 42059 | Snake:1  | Found Mumu's Book Shop.
 42059 | Snake:1  | Found Jairem's Book Boutique.
 42068 | Snake:1  | Bought the ring "Zuatiego" {rElec rF+ rCorr Str-2 SInv} for
                  | 758 gold pieces
 42068 | Snake:1  | Bought an amulet of reflection for 510 gold pieces
 42069 | Snake:1  | Found Zuafivus's Antique Weapon Shop.
 42078 | Snake:1  | Bought a book of the Wilderness for 760 gold pieces
 42085 | Snake:1  | Learned a level 5 spell: Summon Mana Viper
 42094 | Snake:1  | Learned a level 6 spell: Summon Cactus Giant
 42376 | Snake:1  | Found a runed translucent door.
 42477 | Snake:1  | Noticed Louise
 42513 | Snake:1  | Killed Louise
 44023 | Snake:2  | Noticed Vashnia
 44024 | Snake:2  | HP: 1/97 [spore (53)]
 44024 | Snake:2  | Shot with an arrow by a naga sharpshooter
 44024 | Snake:2  | Lost a life (0 lives remaining)
 44066 | Snake:2  | Killed Vashnia
 45211 | Snake:2  | Reached skill level 10 in Hexes
 46432 | Snake:4  | Entered Level 4 of the Snake Pit
 46539 | Snake:4  | Noticed Bai Suzhen
 48613 | Snake:4  | Found Acriydd's Armour Emporium.
 49233 | Snake:4  | Reached XP level 18. HP: 102/102 MP: 26/31
 49478 | Snake:4  | Identified the serpent talisman "Tuxowim" {rC- Dex+4 Slay+3
                  | SInv}
 49478 | Snake:4  | Noticed Aizul
 49500 | Snake:3  | Killed Aizul
 51174 | Snake:4  | Killed Bai Suzhen
 51477 | Snake:4  | HP: 4/102 [naga/splash of poison (6)]
 54135 | Snake:4  | Got a serpentine rune of Zot
 54779 | Shoals:3 | Reached skill level 15 in Summonings
 55822 | Shoals:4 | Entered Level 4 of the Shoals
 56051 | Shoals:4 | Hit by a silver javelin thrown by a merfolk javelineer

Illustrated notes

Levels and vault maps discovered:
D:1:      ncdulo_lavacross, layout_basic, ebering_ecumenical_altar_sacrificial
D:2:      kennysheep_the_goblin_king, layout_loops_cross,
          chequers_serial_rivers_small_a, uniq_crazy_yiuf_cottage
D:3:      layout_basic, led_xom_imps, trog_wizard, nrook_campfire
D:4:      layout_loops_ring, nicolae_sif_muna_little_library
D:5:      layout_rooms, nicolae_vehumet_radiance, minmay_temple_entry_mist,
          serial_shops, nicolae_shop_rolling_square, hangedman_decor_slide_cut
D:6:      layout_rooms
D:7:      cheibrodos_fzero, layout_basic, mainiacjoe_overflow_six_doors_small,
          chequers_serial_rivers_micro_d
D:8:      layout_basic, nicolae_gozag_seed_capital, ashenzari_altar_1,
          pf_just_have_faith, david_lair_shrubbed, uniq_psyche, uniq_grum
D:9:      layout_loops_cross, mainiacjoe_overflow_concentric_impassable,
          mainiacjoe_overflow_paths, mainiacjoe_overflow_alcove_4,
          hangedman_decor_diamond_cutter, uniq_harold
D:10:     layout_small_grid, amethyst_overflow_temple_binary,
          dk_rats_in_the_wall
D:11:     cheibrodos_wizards_tower, layout_loops_corners, hiddenorc2_lemuel
D:12:     nzn_winding_woodlands_three_and_one [nzn_winding_woodlands_5x15_cabin,
          nzn_winding_woodlands_5x15_river_crossing,
          nzn_winding_woodlands_5x15_zeroes,
          nzn_winding_woodlands_center_triple_pond], layout_long_grid,
          gammafunk_ghost_hive, nicolae_shop_i_like_small_books_too
D:13:     layout_stronghold, nicolae_transporter_intersection, uniq_josephine,
          uniq_frances, uniq_lodul
D:14:     layout_rooms, erik_vaults_1, chequers_serial_rivers_micro_e,
          eino_house_with_fridge
D:15:     gammafunk_depths_entry_grave, layout_layer_cave, serial_demonic,
          serial_demonic_a, serial_demonic_b, serial_demonic_c,
          serial_demonic_e, serial_demonic_e, serial_demonic_a,
          serial_demonic_b, serial_demonic_c, chequers_arboretum,
          minmay_misc_feat_x, skrybe_limestone_x, st_stairs_14, uniq_roxanne,
          uniq_rupert
Temple:   corrupted_temple
Lair:1:   gammafunk_cloud_chamber, layout_hall_layers
Lair:2:   layout_regular_city, minmay_shoals_entry_centaurs,
          guppyfry_snake_entry_island, ebering_ghost_inner_flame, st_stairs_4,
          columned_hall_lemuel, lemuel_fruit_tree, uniq_erica
Lair:3:   layout_roguey, basic_altar, minmay_lindwurm_lava
Lair:4:   layout_small_grid, gammafunk_ghost_berserking_beasts,
          grunt_megastairs_3
Lair:5:   minmay_lair_end_frog_pond, layout_cave_pods, slime_entry_1,
          disabler_island, lemuel_fruit_fields
Shoals:1: layout_shoals, uniq_mlioglotl
Shoals:2: layout_shoals, nicolae_shoals_seven_spires
Shoals:3: layout_shoals, uniq_kirke
Shoals:4: shoals_end_grunt_garden, layout_shoals, nicolae_shoals_aquamancer_cove
Snake:1:  cheibrodos_toxic_ritual, layout_rooms, eino_curves_03,
          minmay_shoptagon, uniq_louise
Snake:2:  layout_gridlike, uniq_vashnia
Snake:3:  layout_cave_shapes, grunt_ministairs_3, serial_bayou_shore_a
Snake:4:  minmay_snake_end_coiled, layout_rooms, serial_shops,
          nicolae_shop_hallway_plus, uniq_aizul, uniq_bai_suzhen
Orc:1:    layout_caves, mines3_lemuel, uniq_urug, uniq_maurice, uniq_snorg,
          uniq_fannar
Orc:2:    grunt_orc_community_town_hall, layout_caves,
          grunt_orc_community_big_house_2, grunt_orc_community_big_house_2,
          grunt_orc_community_house_1, grunt_orc_community_house_2,
          grunt_orc_community_house_2, grunt_orc_community_house_3,
          grunt_orc_community_house_1, gauntlet_entry_generic, uniq_donald

Skill      XL: |  1  2  3  4  5  6  7  8  9 10 11 12 13 14 15 16 17 18 |
---------------+-------------------------------------------------------+-----
Dodging        | 3 4 5 6 7 9 10 12 13 14 16 17 18 | 18.7
Stealth        | 3 |  3.4
Shapeshifting  | 1 2 3 4 5 6 7 8 9 10 11 12 | 12.7
Fighting       | 1 2 3 4 5 6 7 8 9 11 12 13 14 | 14.5
Spellcasting   | 3 4 5 6 7 8 9 10 11 12 | 12.5
Fire Magic     | 1 3 4 5 |  5.0
Summonings     | 5 6 7 8 10 11 13 14 15 | 15.0
Air Magic      | 1 4 5 6 7 |  7.0
Translocations | 3 5 |  5.0
Hexes          | 7 12 14 | 14.1

Action                     |  1- 3 |  4- 6 |  7- 9 | 10-12 | 13-15 | 16-18 || total
---------------------------+-------+-------+-------+-------+-------+-------++-------
  Melee: Unarmed           |    25 |    14 |    52 |    97 |   198 |   229 ||   615
         Bite              |     3 |       |     4 |    15 |    42 |    49 ||   113
         Punch             |     2 |       |     2 |     2 |     1 |       ||     7
         Tailslap          |       |       |       |       |       |     5 ||     5
   Cast: Summon Small Mamm |    46 |    32 |    64 |     3 |       |       ||   145
         Call Imp          |    16 |    24 |    40 |    27 |    13 |       ||   120
         Call Canine Famil |     6 |    17 |    28 |    41 |    31 |     1 ||   124
         Summon Blazeheart |       |     3 |    19 |    32 |     3 |     1 ||    58
         Summon Lightning  |       |       |     3 |    47 |    55 |    14 ||   119
         Summon Forest     |       |       |       |    18 |    88 |    48 ||   154
         Summon Hydra      |       |       |       |       |   118 |   323 ||   441
         Tukima's Dance    |       |       |       |       |       |     6 ||     6
         Mephitic Cloud    |       |       |       |       |       |     3 ||     3
         Summon Mana Viper |       |       |       |       |       |    42 ||    42
         Summon Cactus Gia |       |       |       |       |       |    11 ||    11
         Blink             |       |       |       |       |       |     2 ||     2
         Mercury Vapours   |       |       |       |       |       |     5 ||     5
 Invoke: Potion Petition   |       |       |       |       |     1 |     8 ||     9
         Call Merchant     |       |       |       |       |       |     3 ||     3
  Evoke: Wand              |       |       |     1 |       |     3 |     5 ||     9
         Phial of floods   |       |       |       |       |     1 |     2 ||     3
         Lightning rod     |       |       |       |       |       |     1 ||     1
    Use: Potion            |     1 |       |     4 |     5 |     5 |    13 ||    28
         Scroll            |       |     8 |     4 |    14 |    10 |    15 ||    51
   Stab: Sleeping          |       |     3 |       |     1 |       |       ||     4
         Distracted        |       |       |     3 |     3 |    10 |     6 ||    22
 Armour: Skin              |    25 |    14 |    39 |    61 |   104 |   189 ||   432
  Dodge: Dodged            |    53 |    29 |   113 |   221 |   403 |   635 ||  1454
  Block: Other             |       |       |       |       |       |    46 ||    46
         Reflection        |       |       |       |       |       |     7 ||     7
   Form: Beast             |     1 |       |       |       |       |       ||     1
         Flux              |       |       |       |       |     1 |       ||     1
         Dragon            |       |       |       |       |       |     1 ||     1

Table legend: (Time is in decaauts)
 A = Elapsed time spent in this place.
 B = Non-inter-level travel time spent in this place.
 C = Inter-level travel time spent in this place.
 D = Time resting spent in this place.
 E = Time spent auto-exploring this place.
 F = Levels seen in this place.
 G = Mean time per level.
                   A        B        C        D        E       F      G
               +--------+--------+--------+--------+--------+-----+--------+
         Total |  56324 |  53894 |   2430 |  20339 |  22509 |  31 | 1816.9 |
       Dungeon |  24330 |  23133 |   1197 |   6621 |  11805 |  15 | 1622.0 |
        Temple |      1 |      1 |      0 |      0 |      0 |   1 |    1.0 |
          Lair |  10697 |  10041 |    656 |   4223 |   3593 |   5 | 2139.4 |
        Shoals |   5093 |   4897 |    196 |   1300 |   2283 |   4 | 1273.2 |
     Snake Pit |  12806 |  12524 |    282 |   7435 |   2908 |   4 | 3201.5 |
  Orcish Mines |   3394 |   3296 |     98 |    759 |   1918 |   2 | 1697.0 |
               +--------+--------+--------+--------+--------+-----+--------+

Top non-repeatable levels by time:
 Snake:3: 5114 daAuts
  Lair:5: 3946 daAuts
 Snake:4: 3925 daAuts
  Lair:2: 2934 daAuts
    D:15: 2835 daAuts
    D:12: 2527 daAuts
 Snake:2: 2292 daAuts
    D:13: 2285 daAuts
Shoals:2: 2167 daAuts
   Orc:2: 1840 daAuts
    D:11: 1723 daAuts
     D:8: 1686 daAuts
    D:14: 1681 daAuts
     D:4: 1643 daAuts
     D:7: 1641 daAuts
